TOP OF THE 1ST |
---|
Amarillo Archdukes batting - Pitching for Richmond Flairs : RHP Neil Snow | Pitching: RHP Neil Snow | | Batting: LHB Earl Wigfall | 0-0: Foul Ball, location: 2F 0-1: Called Strike 0-2: Strikes out swinging | Batting: RHB Curt Wagner | 0-0: Called Strike 0-1: Called Strike 0-2: Foul Ball, location: 2F 0-2: Ball 1-2: Ball 2-2: Strikes out looking | Batting: SHB Álex Hernández | 0-0: Ground out U3 (Groundball, 3L) | Top of the 1st over - 0 runs, 0 hits, 0 errors, 0 left on base; Amarillo 0 - Richmond 0 | BOTTOM OF THE 1ST |
---|
Richmond Flairs batting - Pitching for Amarillo Archdukes : LHP Tim Miller | Pitching: LHP Tim Miller | | Batting: LHB José Garza | 0-0: Ball 1-0: Foul Ball, location: 2F 1-1: Foul Ball, location: 2F 1-2: Foul Ball, location: 2F 1-2: Fly out, F6 (Popup, 6MD) | Batting: RHB Miguel Hernández | 0-0: Called Strike 0-1: Ball 1-1: Called Strike 1-2: Ground out 5-3 (Groundball, 5S) | Batting: RHB Lonson Seals | 0-0: Foul Ball, location: 2F 0-1: Ball 1-1: Ball 2-1: SOLO HOME RUN (Flyball, 7D), Distance : 375 ft | Batting: RHB R.J. Crosby | 0-0: Ball 1-0: Ball 2-0: Ball 3-0: Called Strike 3-1: Swinging Strike 3-2: SINGLE (Groundball, 4D) | Batting: LHB Claudio Rodríguez | 0-0: Ball 1-0: Ball 2-0: Swinging Strike 2-1: Called Strike 2-2: Strikes out looking | Bottom of the 1st over - 1 run, 2 hits, 0 errors, 1 left on base; Amarillo 0 - Richmond 1 | TOP OF THE 2ND |
---|
Amarillo Archdukes batting - Pitching for Richmond Flairs : RHP Neil Snow | Batting: LHB Edwin Ryan | 0-0: Fly out, F9 (Flyball, 89S) | Batting: RHB Herb Bunch | 0-0: Ball 1-0: Fly out, F7 (Flyball, 7LM) | Batting: LHB José Martínez | 0-0: Foul Ball, location: 2F 0-1: Ball 1-1: Ball 2-1: Foul Ball, location: 2F 2-2: Foul Ball, location: 2F 2-2: Ground out U3 (Groundball, 34D) | Top of the 2nd over - 0 runs, 0 hits, 0 errors, 0 left on base; Amarillo 0 - Richmond 1 | BOTTOM OF THE 2ND |
---|
Richmond Flairs batting - Pitching for Amarillo Archdukes : LHP Tim Miller | Batting: RHB Liangde Que | 0-0: Called Strike 0-1: Foul Ball, location: 2F 0-2: Foul Ball, location: 2F 0-2: Ball 1-2: Foul Ball, location: 2F 1-2: Foul Ball, location: 2F 1-2: SINGLE (Line Drive, 78S) | Batting: LHB R.J. Courtney | 0-0: Called Strike 0-1: Ball 1-1: Ball 2-1: Foul Ball, location: 2F 2-2: Ball 3-2: Foul Ball, location: 2F 3-2: SINGLE (Line Drive, 89S) Liangde Que to second | Batting: RHB Alejandro Ramos | 0-0: Called Strike 0-1: Ball 1-1: Ground out 6-3 (Groundball, 6S) Liangde Que to third R.J. Courtney to second | Batting: LHB Roland Jones | 0-0: Foul Ball, location: 2F 0-1: Ball 1-1: Ball 2-1: Ball 3-1: Fly out, F8 (Flyball, 8LM) | Batting: LHB José Garza | 0-0: Ball 1-0: Ball 2-0: Foul Ball, location: 2F 2-1: Fly out, F6 (Flyball, 56D) | Bottom of the 2nd over - 0 runs, 2 hits, 0 errors, 2 left on base; Amarillo 0 - Richmond 1 | TOP OF THE 3RD |
---|
Amarillo Archdukes batting - Pitching for Richmond Flairs : RHP Neil Snow | Batting: RHB José Tamayo | 0-0: Ball 1-0: Called Strike 1-1: Ball 2-1: Ball 3-1: Base on Balls | Batting: RHB Roberto García | 0-0: Called Strike 0-1: Swinging Strike 0-2: Ball 1-2: Strikes out swinging | Batting: LHB John Frost | 0-0: Called Strike 0-1: Ball 1-1: SINGLE (Line Drive, 6D) José Tamayo to second | Batting: LHB Earl Wigfall | 0-0: Ball 1-0: Swinging Strike 1-1: Ball 2-1: SINGLE (Groundball, 34D) José Tamayo to third John Frost to second | Batting: RHB Curt Wagner | 0-0: Ball 1-0: Ball 2-0: SINGLE (Line Drive, 89S) José Tamayo scores John Frost to third Earl Wigfall to second | Batting: SHB Álex Hernández | 0-0: Ball 1-0: Ball 2-0: Called Strike 2-1: Foul Ball, location: 2F 2-2: Ball 3-2: SINGLE (Groundball, 56S) (infield hit) John Frost scores Earl Wigfall to third Curt Wagner to second | Batting: LHB Edwin Ryan | 0-0: Ball 1-0: Ball 2-0: Called Strike 2-1: Ball 3-1: Swinging Strike 3-2: Strikes out swinging | Batting: RHB Herb Bunch | 0-0: Ball 1-0: Fly out, F9 (Flyball, 9LS) | Top of the 3rd over - 2 runs, 4 hits, 0 errors, 3 left on base; Amarillo 2 - Richmond 1 | BOTTOM OF THE 3RD |
---|
Richmond Flairs batting - Pitching for Amarillo Archdukes : LHP Tim Miller | Batting: RHB Miguel Hernández | 0-0: Ball 1-0: Called Strike 1-1: Ball 2-1: Ball 3-1: Base on Balls | Batting: RHB Lonson Seals | 0-0: Ball 1-0: Foul Ball, location: 2F 1-1: Foul Ball, location: 2F 1-2: Strikes out swinging | Batting: RHB R.J. Crosby | 0-0: Ball 1-0: Ball 2-0: Called Strike 2-1: Ground out 5-3 (Groundball, 56S) Miguel Hernández to second | Batting: LHB Claudio Rodríguez | 0-0: Called Strike 0-1: Called Strike 0-2: Foul Ball, location: 2F 0-2: Ground out 4-3 (Groundball, 4) | Bottom of the 3rd over - 0 runs, 0 hits, 0 errors, 1 left on base; Amarillo 2 - Richmond 1 | TOP OF THE 4TH |
---|
Amarillo Archdukes batting - Pitching for Richmond Flairs : RHP Neil Snow | Batting: LHB José Martínez | 0-0: Called Strike 0-1: Ball 1-1: Foul Ball, location: 2F 1-2: Ball 2-2: Foul Ball, location: 2F 2-2: Foul Ball, location: 2F 2-2: Ball 3-2: Strikes out swinging | Batting: RHB José Tamayo | 0-0: Ball 1-0: Swinging Strike 1-1: Foul Ball, location: 2F 1-2: Strikes out swinging | Batting: RHB Roberto García | Error on foul ball, E9 0-1: Ball 1-1: Swinging Strike 1-2: Ball 2-2: Ball 3-2: Base on Balls | Batting: LHB John Frost | 0-0: Called Strike 0-1: Foul Ball, location: 2F 0-2: Ball 1-2: Ball Wild Pitch! Roberto García to second 2-2: Ball 3-2: Strikes out swinging | Top of the 4th over - 0 runs, 0 hits, 1 error, 1 left on base; Amarillo 2 - Richmond 1 | BOTTOM OF THE 4TH |
---|
Richmond Flairs batting - Pitching for Amarillo Archdukes : LHP Tim Miller | Batting: RHB Liangde Que | 0-0: Swinging Strike 0-1: Called Strike 0-2: Ball 1-2: SINGLE (Line Drive, 56) | Batting: LHB R.J. Courtney | 0-0: Fielders Choice at 2nd, 4-6 (Groundball, 4) | Batting: RHB Alejandro Ramos | 0-0: Ground out 5-3 (Groundball, 5S) R.J. Courtney to second | Batting: LHB Roland Jones | 0-0: Ball 1-0: Called Strike 1-1: Ball 2-1: Foul Ball, location: 2F 2-2: SINGLE (Groundball, 34S) (infield hit) R.J. Courtney to third | Batting: LHB José Garza | 0-0: Ball 1-0: Called Strike 1-1: Foul Ball, location: 2F 1-2: Reached on error, E1 (Groundball, P) R.J. Courtney scores Roland Jones to third | Pitching: RHP Pedro Lara | | Batting: RHB Miguel Hernández | 0-0: Swinging Strike 0-1: SINGLE (Line Drive, 56) Roland Jones scores José Garza to third Runner from 3rd tries for Home, SAFE, no throw | Batting: RHB Lonson Seals | 0-0: Ball 1-0: Foul Ball, location: 2F 1-1: Foul Ball, location: 2F 1-2: SINGLE (Groundball, 34D) Miguel Hernández to second Runner from 2nd tries for 3rd, SAFE, no throw | Batting: RHB R.J. Crosby | 0-0: Ball 1-0: Foul Ball, location: 2F 1-1: Called Strike 1-2: Ball 2-2: Ball 3-2: Foul Ball, location: 2F 3-2: Base on Balls Lonson Seals to second | Batting: LHB Claudio Rodríguez | 0-0: Called Strike 0-1: Fly out, F8 (Flyball, 8RM) | Bottom of the 4th over - 3 runs, 4 hits, 1 error, 3 left on base; Amarillo 2 - Richmond 4 | TOP OF THE 5TH |
---|
Amarillo Archdukes batting - Pitching for Richmond Flairs : RHP Neil Snow | Batting: LHB Earl Wigfall | 0-0: Foul Ball, location: 2F 0-1: Foul Ball, location: 2F 0-2: Strikes out swinging | Batting: RHB Curt Wagner | 0-0: Called Strike 0-1: Ball 1-1: Foul Ball, location: 2F 1-2: Strikes out looking | Batting: SHB Álex Hernández | 0-0: Ground out U3 (Groundball, 3S) | Top of the 5th over - 0 runs, 0 hits, 0 errors, 0 left on base; Amarillo 2 - Richmond 4 | BOTTOM OF THE 5TH |
---|
Richmond Flairs batting - Pitching for Amarillo Archdukes : RHP Pedro Lara | Batting: RHB Liangde Que | 0-0: Called Strike 0-1: Fly out, F5 (Line Drive, 56S) | Batting: LHB R.J. Courtney | 0-0: Ball 1-0: Ball 2-0: Called Strike 2-1: Foul Ball, location: 2F 2-2: DOUBLE (Flyball, 89XD) | Batting: RHB Alejandro Ramos | 0-0: Ground out 6-3 (Groundball, 6) | Batting: LHB Roland Jones | 0-0: Ball 1-0: Ball 2-0: Ball 3-0: Called Strike 3-1: Foul Ball, location: 2F 3-2: Strikes out looking | Bottom of the 5th over - 0 runs, 1 hit, 0 errors, 1 left on base; Amarillo 2 - Richmond 4 | TOP OF THE 6TH |
---|
Amarillo Archdukes batting - Pitching for Richmond Flairs : RHP Neil Snow | Pitching: RHP Adrián Mora | | Batting: LHB Edwin Ryan | 0-0: Called Strike 0-1: Swinging Strike 0-2: Ball 1-2: Ground out 3-1 (Groundball, 34S) | Batting: RHB Herb Bunch | 0-0: Called Strike 0-1: Ball 1-1: Foul Ball, location: 2F 1-2: Foul Ball, location: 2F 1-2: Foul Ball, location: 2F 1-2: Foul Ball, location: 2F 1-2: Fly out, F3 (Popup, 3SF) | Batting: LHB José Martínez | 0-0: Fly out, F8 (Flyball, 8RS) | Top of the 6th over - 0 runs, 0 hits, 0 errors, 0 left on base; Amarillo 2 - Richmond 4 | BOTTOM OF THE 6TH |
---|
Richmond Flairs batting - Pitching for Amarillo Archdukes : RHP Pedro Lara | Batting: LHB José Garza | 0-0: Fly out, F7 (Line Drive, 78S) | Batting: RHB Miguel Hernández | 0-0: Ground out 6-3 (Groundball, 6) | Batting: RHB Lonson Seals | 0-0: Foul Ball, location: 2F 0-1: Ball 1-1: Foul Ball, location: 2F 1-2: Ball 2-2: Ball 3-2: Foul Ball, location: 2F 3-2: Strikes out looking | Bottom of the 6th over - 0 runs, 0 hits, 0 errors, 0 left on base; Amarillo 2 - Richmond 4 | TOP OF THE 7TH |
---|
Amarillo Archdukes batting - Pitching for Richmond Flairs : RHP Adrián Mora | Batting: RHB José Tamayo | 0-0: Foul Ball, location: 2F 0-1: Foul Ball, location: 2F 0-2: Ball 1-2: Strikes out swinging | Batting: RHB Roberto García | 0-0: Ball 1-0: Swinging Strike 1-1: Ball 2-1: Ball 3-1: Foul Ball, location: 2F 3-2: Strikes out swinging | Batting: LHB John Frost | 0-0: Ball 1-0: Fly out, F3 (Line Drive, 34) | Top of the 7th over - 0 runs, 0 hits, 0 errors, 0 left on base; Amarillo 2 - Richmond 4 | BOTTOM OF THE 7TH |
---|
Richmond Flairs batting - Pitching for Amarillo Archdukes : RHP Pedro Lara | Batting: RHB R.J. Crosby | 0-0: Called Strike 0-1: Fly out, F8 (Flyball, 8RM) | Batting: LHB Claudio Rodríguez | 0-0: Swinging Strike 0-1: Swinging Strike 0-2: Ball 1-2: Strikes out swinging | Batting: RHB Liangde Que | 0-0: Swinging Strike 0-1: Ball 1-1: Ball 2-1: Foul Ball, location: 2F 2-2: Ball 3-2: Ground out 5-3 (Groundball, 5) | Bottom of the 7th over - 0 runs, 0 hits, 0 errors, 0 left on base; Amarillo 2 - Richmond 4 | TOP OF THE 8TH |
---|
Amarillo Archdukes batting - Pitching for Richmond Flairs : RHP Adrián Mora | Batting: LHB Earl Wigfall | 0-0: Foul Ball, location: 2F 0-1: Ball 1-1: Ball 2-1: Swinging Strike 2-2: Foul Ball, location: 2F 2-2: Ground out U3 (Groundball, 3) | Batting: RHB Curt Wagner | 0-0: Ball 1-0: Called Strike 1-1: SINGLE (Groundball, 6MD) | Batting: SHB Álex Hernández | 0-0: Fly out, F4 (Line Drive, 4M) | Batting: LHB Edwin Ryan | 0-0: Called Strike 0-1: Foul Ball, location: 2F 0-2: Ball 1-2: Fly out, F8 (Flyball, 89D) | Top of the 8th over - 0 runs, 1 hit, 0 errors, 1 left on base; Amarillo 2 - Richmond 4 | BOTTOM OF THE 8TH |
---|
Richmond Flairs batting - Pitching for Amarillo Archdukes : RHP Pedro Lara | Batting: LHB R.J. Courtney | 0-0: Ball 1-0: Ball 2-0: Ball 3-0: Called Strike 3-1: Swinging Strike 3-2: Ground out 4-3 (Groundball, 4) | Batting: RHB Alejandro Ramos | 0-0: Ball 1-0: Swinging Strike 1-1: SINGLE (Line Drive, 89S) | Pitching: RHP Ignacio Beltrán | | Batting: LHB Roland Jones | 0-0: Called Strike 0-1: Foul Ball, location: 2F 0-2: Grounds into double play, 6-4-3 (Groundball, 6) | Bottom of the 8th over - 0 runs, 1 hit, 0 errors, 0 left on base; Amarillo 2 - Richmond 4 | TOP OF THE 9TH |
---|
Amarillo Archdukes batting - Pitching for Richmond Flairs : RHP Adrián Mora | Pitching: RHP Robinson Ramírez | | Batting: RHB Herb Bunch | 0-0: Ball 1-0: Ball 2-0: Called Strike 2-1: Ball 3-1: Foul Ball, location: 2F 3-2: Strikes out swinging | Batting: LHB José Martínez | 0-0: Ball 1-0: Called Strike 1-1: Foul Ball, location: 2F 1-2: Ball 2-2: Ball 3-2: Foul Ball, location: 2F 3-2: Foul Ball, location: 2F 3-2: Base on Balls | Batting: RHB José Tamayo | 0-0: Called Strike 0-1: Ball 1-1: Ball 2-1: Foul Ball, location: 2F 2-2: Foul Ball, location: 2F 2-2: Foul Ball, location: 2F 2-2: Foul Ball, location: 2F 2-2: DOUBLE (Line Drive, 78D) José Martínez to third | Batting: RHB Roberto García | 0-0: Ball 1-0: Foul Ball, location: 2F 1-1: Foul Ball, location: 2F 1-2: Ground out 1-3 (Groundball, P) | Batting: LHB John Frost | 0-0: Ground out 6-3 (Groundball, 6) | Top of the 9th over - 0 runs, 1 hit, 0 errors, 2 left on base; Amarillo 2 - Richmond 4 | |